cohdb
Replays
Latest Replays
All Replays
Popular Replays
Top Player Replays
Match Explorer
How It Works
Community
CoH3 Stats
Reddit
Sign in to upload your games and track your stats! →
Sign in with Steam
Match 43743865
Unlisted
Match 43743865
Overview
Messages
Build Orders
End
Construct Barracks
Selects Advanced Infantry Battlegroup
M1 Mortar Team
Engineer Squad
Riflemen Squad
Riflemen Squad
Grenade Package
Grenade Package
Selects Convert to Ranger Squad
Riflemen Squad
Convert to Ranger Squad
Infantry Support Center
Selects Frontline Medical Station
Construct Weapon Support Center
Survival Training
B1t
SkyCurv
SeMooS
ZA3IM
0
0
Comments
sign in to comment!
No comments posted yet!